 Dungeon Crawl Stone Soup version 0.29-a0-371-g91724d5b39 (webtiles) character file.

Game seed: 17876191946752968632

3036 spaghetti the Covert (level 9, -1/74 HPs)
             Began as a Gnoll Wanderer on May 2, 2022.
             Was a Follower of Cheibriados.
             Slain by a killer bee (6 damage)
             ... on level 7 of the Dungeon.
             The game lasted 00:11:41 (7437 turns).

spaghetti the Covert (Gnoll Wanderer)               Turns: 7437, Time: 00:11:41

Health: -1/74      AC:  6    Str: 15    XL:     9   Next: 86%
Magic:  15/15      EV: 14    Int: 27    God:    Cheibriados [*.....]
Gold:   282        SH:  0    Dex: 16    Spells: 8/17 levels left

rFire   + . .      SeeInvis .   E - +7 spear of the Iron City of Dis {freeze, rElec Int-2 Stlth+, polearm}
rCold   + . .      Faith    .   B - orb {*channel}
rNeg    . . .      Spirit   .   e - +0 robe
rPois   .          Reflect  .   F - +0 helmet
rElec   +          Harm     .   G - scarf {rC+ rF+}
rCorr   .          Rampage  .   l - +0 pair of gloves
Will    .....                   c - +0 pair of boots
Stlth   +++++.....              (no amulet)
HPRegen 0.22/turn               q - +6 ring of intelligence
MPRegen 0.14/turn               C - +6 ring of intelligence

@: lethally poisoned (-1 -> -4), attractive, very slow
A: fangs 1, strong nose, distributed training
a: Renounce Religion, Bend Time


You were on level 7 of the Dungeon.
You worshipped Cheibriados.
Cheibriados was aware of your devotion.
You visited 2 branches of the dungeon, and saw 9 of its levels.

You collected 282 gold pieces.


Innate Abilities, Weirdness & Mutations

You have very sharp teeth.
Your uncanny sense of smell can sniff out nearby items.
Your experience applies equally to all skills.


   Skills:
 + Level 8.1 Fighting
 + Level 4.6 Short Blades
 + Level 4.6 Long Blades
 + Level 4.6 Axes
 + Level 4.6 Maces & Flails
 + Level 4.6 Polearms
 + Level 4.6 Staves
 + Level 4.6 Slings
 + Level 4.6 Bows
 + Level 4.6 Crossbows
 + Level 4.6 Throwing
 + Level 4.6 Armour
 + Level 4.6 Dodging
 + Level 9.1 Stealth
 + Level 8.1 Shields
 + Level 4.6 Unarmed Combat
 + Level 4.6 Spellcasting
 + Level 3.8 Conjurations
 + Level 3.8 Hexes
 + Level 3.8 Summonings
 + Level 3.8 Necromancy
 + Level 3.8 Translocations
 + Level 3.8 Transmutations
 + Level 3.8 Fire Magic
 + Level 3.8 Ice Magic
 + Level 3.8 Air Magic
 + Level 3.8 Earth Magic
 + Level 3.8 Poison Magic
 + Level 5.1 Invocations
 + Level 4.6 Evocations


You had 8 spell levels left.
You knew the following spells:

 Your Spells              Type           Power      Damage    Failure   Level
a - Swiftness             Air            27%        N/A       4%          3
b - Blink                 Tloc           54%        N/A       2%          2
c - Animate Armour        Summ/Erth      54%        N/A       16%         4

Your spell library contained the following spells:

 Spells                   Type           Power      Damage    Failure   Level
 Shock                    Conj/Air       100%       1d9       1%          1
 Scorch                   Fire           54%        2d7       2%          2
 Lesser Beckoning         Tloc           27%        N/A       4%          3
 Stone Arrow              Conj/Erth      54%        3d10      4%          3
 Airstrike                Air            13%        N/A       16%         4
 Flame Wave               Conj/Fire      27%        2d7       16%         4
 Manifold Assault         Tloc           27%        N/A       38%         5
 Summon Cactus Giant      Summ           13%        N/A       93%         6
 Lehudib's Crystal Spear  Conj/Erth      13%        10d5      100%        8

Inventory:

Hand Weapons
 a - a +0 club {mace}
 b - a +2 dagger of venom {short}
   (You took it off a goblin on level 3 of the Dungeon)
 n - a +2 dagger of flaming {short}
   (You took it off a goblin on level 3 of the Dungeon)
 E - the +7 spear of the Iron City of Dis (weapon) {freeze, rElec Int-2 Stlth+, polearm}
   (You found it on level 5 of the Dungeon)

   It freezes those it strikes, dealing additional cold damage.
   It can also slow down cold-blooded creatures.
   Int:       It affects your intelligence (-2).
   rElec:     It insulates you from electricity.
   Stlth:     It makes you more stealthy.
Missiles
 k - 393 stones (quivered) {throwing}
 t - 4 boomerangs {throwing}
 u - 22 poisoned darts {throwing}
 v - 2 atropa-tipped darts {throwing}
 w - 2 throwing nets {=f!fthrowing}
Armour
 c - a +0 pair of boots (worn)
 e - a +0 robe (worn)
 f - a +2 buckler
 l - a +0 pair of gloves (worn)
   (You found it on level 3 of the Dungeon)
 m - a +0 plate armour
   (You found it on level 3 of the Dungeon)
 B - an orb of energy (worn)
   (You found it on level 5 of the Dungeon)
 F - a +0 helmet (worn)
   (You found it on level 5 of the Dungeon)
 G - a scarf of resistance (worn)
   (You found it on level 5 of the Dungeon)
Jewellery
 q - a +6 ring of intelligence (left hand)
   (You found it on level 1 of the Dungeon)
 x - a ring of positive energy
   (You found it on level 4 of the Dungeon)
 C - a +6 ring of intelligence (right hand)
   (You found it on level 4 of the Dungeon)
Wands
 z - a wand of paralysis (8)
   (You found it on level 4 of the Dungeon)
 A - a wand of iceblast (18)
   (You found it on level 4 of the Dungeon)
 D - a wand of mindburst (16)
   (You found it on level 4 of the Dungeon)
Scrolls
 d - 2 scrolls of noise {!r}
 g - 2 scrolls of amnesia
 h - a scroll of enchant armour
 j - 2 scrolls of magic mapping {unknown}
 p - 6 scrolls of teleportation {@r4}
 y - a scroll of vulnerability {!r!r}
 J - a scroll of holy word {unknown}
 K - 3 scrolls of identify {@r1}

Dungeon Overview and Level Annotations

Branches:
Dungeon (8/15)             Temple (1/1) D:6
   Lair: D:8-11

Altars:
Ashenzari
Cheibriados
Elyvilon
Fedhas
Gozag
Hepliaklqana
Kikubaaqudgha
Makhleb
Nemelex Xobeh
Okawaru
Qazlal
Ru
Sif Muna
Trog
Uskayaw
Wu Jian
Xom
Yredelemnul
Zin
The Shining One

Annotations:
D:4 3 runed translucent doors, croobank's ghost, amateur GnFE
D:7 3 runed translucent doors, turdburglar's ghost, novice MiBe

#.####### ######### #............
.......# #.......# #............
.......# #...<...###............
.......####......................
..................###.....)).....
.......####.......# #......).....
.......#..........###...[....#...
..................##...))....##..
.......####.....@hygg..##).####..
.......####.....yhg#g####.## #..
.........##....hy.##.# #.# #..
####...........gg###.####.#####.>
####..###......##.##...##.....
##.###.###.............##.)
#..#..# #.#......#.#......
####.#.####.#........#####.. ##
#....[.#..>........### #..


You could see 3 killer bees, a friendly black bear (summoned), a friendly gnoll
shaman (summoned), 2 friendly howler monkeys and 5 friendly gnolls.


Message History

The killer bee misses you. The killer bee closely misses you. x2
The killer bee barely misses you. x2; The killer bee stings you.
* * * LOW HITPOINT WARNING * * *
The killer bee completely misses you.
The killer bee barely misses you. 😨 HP[-8]
You take 8 damage, and now have 22/74 hp.
Unknown command.
Unknown command.
You feel better. The killer bee misses you. The killer bee closely misses you.
The killer bee stings you.
* * * LOW HITPOINT WARNING * * *
The killer bee barely misses you. The killer bee stings you.
* * * LOW HITPOINT WARNING * * *
The killer bee closely misses you. The killer bee misses you.
The killer bee stings you.
* * * LOW HITPOINT WARNING * * *
You are poisoned.
The killer bee poisons you!
Your howler monkey misses the killer bee.
Your black bear closely misses the killer bee.
Your black bear claws the killer bee.
Your black bear barely misses the killer bee.
Your gnoll shaman misses the killer bee. 😨 HP[+2]
You regained 2 hp, and now have 24/74 hp.
Unknown command.
You hit the killer bee. You freeze the killer bee.
You kill the killer bee!
Cheibriados thoroughly appreciates the change of pace.
You feel sick. The killer bee closely misses you. The killer bee stings you.
* * * LOW HITPOINT WARNING * * *
The killer bee stings you.
* * * LOW HITPOINT WARNING * * *
The killer bee stings you but does no damage.
The killer bee stings you.
* * * LOW HITPOINT WARNING * * *
The killer bee barely misses you.
Your howler monkey hits the killer bee but does no damage. 😱 HP[-12]
You take 12 damage, and now have 12/74 hp.
Unknown command.
Unknown command.
You feel better.
The killer bee stings you but does no damage.
The killer bee misses you. The killer bee barely misses you.
Your gnoll barely misses the killer bee.
Your black bear completely misses the killer bee.
Your black bear misses the killer bee.
Your black bear barely misses the killer bee.
Your gnoll shaman barely misses the killer bee.
Your gnoll barely misses the killer bee.
Your gnoll hits the killer bee with a +0 whip!
Your howler monkey completely misses the killer bee.
The killer bee misses you.
The killer bee stings you but does no damage.
The killer bee barely misses you.
Your howler monkey misses the killer bee. 😱 HP[+6]
You regained 6 hp, and now have 18/74 hp.
Unknown command.
Unknown command.
Unknown command.
You closely miss the killer bee. The killer bee stings you.
* * * LOW HITPOINT WARNING * * *
You are poisoned.
The killer bee poisons you! The killer bee barely misses you.
The killer bee misses you.
Your gnoll hits the killer bee with a +0 club.
Your black bear bites the killer bee.
Your black bear closely misses the killer bee.
Your black bear claws the killer bee.
Your gnoll completely misses the killer bee.
Your gnoll barely misses the killer bee.
Your gnoll shaman misses the killer bee.
Your howler monkey hits the killer bee!
Your howler monkey closely misses the killer bee.
The killer bee closely misses your gnoll.
The killer bee closely misses you.
The killer bee completely misses you. 😱 HP[-5]
You take 5 damage, and now have 13/74 hp.
Unknown command.
Unknown command.
You are mildly poisoned (13 -> 9).
You attract monsters toward you.
Your movement speed is very slow.
Your attack delay is about 0.8.
Your base attributes are Str 12, Int 14, Dex 13.
Unknown command.
Okay, then.
You aren't carrying any potions.
You swap places.
The killer bee attacks as you move away!
The killer bee stings you!
* * * LOW HITPOINT WARNING * * *
x2 You feel sick.
The killer bee stings your howler monkey.
Your howler monkey is poisoned.
The killer bee poisons your howler monkey!
The killer bee stings your gnoll.
Your gnoll is poisoned.
The killer bee poisons your gnoll! The killer bee stings you.
You die...

Skill      XL: |  1  2  3  4  5  6  7  8  9 |
---------------+----------------------------+-----
Short Blades   | 1 2 3 4 |  4.6
Long Blades    | 1 2 3 4 |  4.6
Axes           | 1 2 3 4 |  4.6
Maces & Flails | 1 2 3 4 |  4.6
Polearms       | 1 2 3 4 |  4.6
Staves         | 1 2 3 4 |  4.6
Slings         | 1 2 3 4 |  4.6
Bows           | 1 2 3 4 |  4.6
Crossbows      | 1 2 3 4 |  4.6
Throwing       | 1 2 3 4 |  4.6
Armour         | 1 2 3 4 |  4.6
Dodging        | 1 2 3 4 |  4.6
Unarmed Combat | 1 2 3 4 |  4.6
Spellcasting   | 1 2 3 4 |  4.6
Conjurations   | 1 2 3 |  3.8
Hexes          | 1 2 3 |  3.8
Summonings     | 1 2 3 |  3.8
Necromancy     | 1 2 3 |  3.8
Translocations | 1 2 3 |  3.8
Transmutations | 1 2 3 |  3.8
Fire Magic     | 1 2 3 |  3.8
Ice Magic      | 1 2 3 |  3.8
Air Magic      | 1 2 3 |  3.8
Earth Magic    | 1 2 3 |  3.8
Poison Magic   | 1 2 3 |  3.8
Invocations    | 1 2 3 4 5 |  5.1
Evocations     | 1 2 3 4 |  4.6
Stealth        | 8 9 |  9.1
Fighting       | 7 8 |  8.1
Shields        | 7 8 |  8.1

Action                   |  1- 3 |  4- 6 |  7- 9 || total
-------------------------+-------+-------+-------++-------
Melee: Club              |     8 |       |       ||     8
       Dagger            |    33 |   160 |       ||   193
       Bite              |     4 |    12 |    30 ||    46
       Spear             |       |     7 |   259 ||   266
Throw: Stone             |       |       |    88 ||    88
 Cast: Animate Armour    |       |       |     1 ||     1
  Use: Potion            |     2 |       |    11 ||    13
       Scroll            |       |     1 |     9 ||    10
 Stab: Sleeping          |     3 |    22 |     9 ||    34
       Invisible         |     1 |     3 |       ||     4
       Distracted        |       |       |     1 ||     1
Armor: Skin              |     4 |       |     7 ||    11
       Robe              |    10 |    24 |    48 ||    82
Dodge: Dodged            |    17 |    49 |   184 ||   250
Block: Buckler           |    17 |    41 |    16 ||    74

Levels and vault maps discovered:
D:1:      minmay_arrival_loop, layout_rooms, chequers_ecumenical_altar_simple,
          hex_intersection, minmay_misc_feat_roman
D:2:      layout_rooms, minmay_misc_feat_nine_boxes
D:3:      layout_loops_ring, nrook_mini_backslash
D:4:      layout_loops_cross, gammafunk_ghost_split, kennysheep_flooded_box
D:5:      layout_basic, mainiacjoe_overflow_cross_hatched, st_stairs_12,
          minmay_puff
D:6:      layout_basic, tso_metal_star, minmay_temple_entry_glassed_door,
          uniq_blork_the_orc
D:7:      layout_rooms, nicolae_qazlal_style_of_elements, kennysheep_mini,
          gammafunk_ghost_nasty_kobolds, enter_bailey_4
D:8:      layout_basic, minmay_misc_feat_plants
Temple:   eino_temple_rhombus

Notes
Turn   | Place    | Note
-------+----------+-------------------------------------------
     0 | D:1      | spaghetti the Gnoll Wanderer began the quest for the Orb.
     0 | D:1      | spaghetti set off with the following items: a +0 club
                  | {mace}, a potion of lignification {!q}, a +0 pair of boots,
                  | a scroll of fear, a +0 robe, a +2 buckler
     0 | D:1      | Reached XP level 1. HP: 23/23 MP: 1/1
     0 | D:1      | magus.rc [v1.9.6]
    76 | D:2      | You pick up a book of Air and begin reading...
    76 | D:2      | You add the spells Shock, Swiftness and Airstrike to your
                  | library.
   265 | D:3      | Reached XP level 2. HP: 29/29 MP: 2/2
   448 | D:3      | Reached XP level 3. HP: 35/35 MP: 3/3
   471 | D:3      | Learned a level 3 spell: Swiftness
   536 | D:3      | Noticed an ogre
   546 | D:3      | Killed an ogre
   547 | D:3      | Reached skill level 1 in Short Blades
   547 | D:3      | Reached skill level 1 in Long Blades
   547 | D:3      | Reached skill level 1 in Axes
   547 | D:3      | Reached skill level 1 in Maces & Flails
   547 | D:3      | Reached skill level 1 in Polearms
   547 | D:3      | Reached skill level 1 in Staves
   547 | D:3      | Reached skill level 1 in Slings
   547 | D:3      | Reached skill level 1 in Bows
   547 | D:3      | Reached skill level 1 in Crossbows
   547 | D:3      | Reached skill level 1 in Throwing
   547 | D:3      | Reached skill level 1 in Armour
   547 | D:3      | Reached skill level 1 in Dodging
   547 | D:3      | Reached skill level 1 in Unarmed Combat
   547 | D:3      | Reached skill level 1 in Spellcasting
   547 | D:3      | Reached skill level 1 in Conjurations
   547 | D:3      | Reached skill level 1 in Hexes
   547 | D:3      | Reached skill level 1 in Summonings
   547 | D:3      | Reached skill level 1 in Necromancy
   547 | D:3      | Reached skill level 1 in Translocations
   547 | D:3      | Reached skill level 1 in Transmutations
   547 | D:3      | Reached skill level 1 in Fire Magic
   547 | D:3      | Reached skill level 1 in Ice Magic
   547 | D:3      | Reached skill level 1 in Air Magic
   547 | D:3      | Reached skill level 1 in Earth Magic
   547 | D:3      | Reached skill level 1 in Poison Magic
   547 | D:3      | Reached skill level 1 in Invocations
   547 | D:3      | Reached skill level 1 in Evocations
   547 | D:3      | Reached XP level 4. HP: 41/41 MP: 5/5
   547 | D:3      | Reached XP level 5. HP: 47/47 MP: 6/6
   686 | D:3      | You pick up a book of Armaments and begin reading...
   686 | D:3      | You add the spells Stone Arrow, Animate Armour and
                  | Lehudib's Crystal Spear to your library.
   990 | D:2      | You pick up a book of Scorching and begin reading...
   990 | D:2      | You add the spells Scorch, Flame Wave and Summon Cactus
                  | Giant to your library.
  1125 | D:1      | Found a faded altar of an unknown god.
  1224 | D:1      | You pick up a book of Spatial Translocations and begin
                  | reading...
  1224 | D:1      | You add the spells Blink, Lesser Beckoning and Manifold
                  | Assault to your library.
  1263 | D:1      | Learned a level 2 spell: Blink
  2006 | D:4      | Reached skill level 8 in Stealth
  2274 | D:4      | Reached skill level 2 in Invocations
  2274 | D:4      | Reached XP level 6. HP: 52/53 MP: 8/8
  2358 | D:4      | Noticed a water moccasin
  2361 | D:4      | Noticed croobank's ghost (amateur GnFE)
  2714 | D:4      | Reached skill level 2 in Short Blades
  2714 | D:4      | Reached skill level 2 in Long Blades
  2714 | D:4      | Reached skill level 2 in Axes
  2714 | D:4      | Reached skill level 2 in Maces & Flails
  2714 | D:4      | Reached skill level 2 in Polearms
  2714 | D:4      | Reached skill level 2 in Staves
  2714 | D:4      | Reached skill level 2 in Slings
  2714 | D:4      | Reached skill level 2 in Bows
  2714 | D:4      | Reached skill level 2 in Crossbows
  2714 | D:4      | Reached skill level 2 in Throwing
  2714 | D:4      | Reached skill level 2 in Armour
  2714 | D:4      | Reached skill level 2 in Dodging
  2714 | D:4      | Reached skill level 2 in Unarmed Combat
  2714 | D:4      | Reached skill level 2 in Spellcasting
  2714 | D:4      | Reached skill level 2 in Evocations
  2792 | D:4      | Found a runed translucent gate.
  2792 | D:4      | Found a runed translucent gate.
  2792 | D:4      | Found a runed translucent gate.
  2931 | D:5      | Entered Level 5 of the Dungeon
  3127 | D:5      | Identified the +7 spear of the Iron City of Dis {freeze,
                  | rElec Int-2 Stlth+}
  3141 | D:5      | Reached XP level 7. HP: 44/59 MP: 10/10
  3255 | D:5      | Found a blossoming altar of Fedhas.
  3413 | D:5      | You fall into a shaft and drop 1 floor!
  3418 | D:6      | Noticed a hornet
  3430 | D:6      | Killed a hornet
  3431 | D:6      | Reached skill level 7 in Fighting
  3431 | D:6      | Reached skill level 7 in Shields
  3431 | D:6      | Reached skill level 2 in Conjurations
  3431 | D:6      | Reached skill level 2 in Hexes
  3431 | D:6      | Reached skill level 2 in Summonings
  3431 | D:6      | Reached skill level 2 in Necromancy
  3431 | D:6      | Reached skill level 2 in Translocations
  3431 | D:6      | Reached skill level 2 in Transmutations
  3431 | D:6      | Reached skill level 2 in Fire Magic
  3431 | D:6      | Reached skill level 2 in Ice Magic
  3431 | D:6      | Reached skill level 2 in Air Magic
  3431 | D:6      | Reached skill level 2 in Earth Magic
  3431 | D:6      | Reached skill level 2 in Poison Magic
  3485 | D:6      | Reached skill level 3 in Invocations
  3777 | D:5      | Reached XP level 8. HP: 62/67 MP: 12/12
  3865 | D:5      | Reached skill level 3 in Short Blades
  3865 | D:5      | Reached skill level 3 in Long Blades
  3865 | D:5      | Reached skill level 3 in Axes
  3865 | D:5      | Reached skill level 3 in Maces & Flails
  3865 | D:5      | Reached skill level 3 in Polearms
  3865 | D:5      | Reached skill level 3 in Staves
  3865 | D:5      | Reached skill level 3 in Slings
  3865 | D:5      | Reached skill level 3 in Bows
  3865 | D:5      | Reached skill level 3 in Crossbows
  3865 | D:5      | Reached skill level 3 in Throwing
  3865 | D:5      | Reached skill level 3 in Armour
  3865 | D:5      | Reached skill level 3 in Dodging
  3865 | D:5      | Reached skill level 3 in Unarmed Combat
  3865 | D:5      | Reached skill level 3 in Spellcasting
  3865 | D:5      | Reached skill level 3 in Evocations
  4727 | D:6      | Reached skill level 4 in Invocations
  4733 | D:6      | Reached skill level 3 in Conjurations
  4733 | D:6      | Reached skill level 3 in Hexes
  4733 | D:6      | Reached skill level 3 in Summonings
  4733 | D:6      | Reached skill level 3 in Necromancy
  4733 | D:6      | Reached skill level 3 in Translocations
  4733 | D:6      | Reached skill level 3 in Transmutations
  4733 | D:6      | Reached skill level 3 in Fire Magic
  4733 | D:6      | Reached skill level 3 in Ice Magic
  4733 | D:6      | Reached skill level 3 in Air Magic
  4733 | D:6      | Reached skill level 3 in Earth Magic
  4733 | D:6      | Reached skill level 3 in Poison Magic
  4751 | D:6      | Reached XP level 9. HP: 72/72 MP: 14/14
  4901 | D:6      | Found a staircase to the Ecumenical Temple.
  4918 | Temple   | Entered the Ecumenical Temple
  5104 | Temple   | Became a worshipper of Cheibriados the Contemplative
  5145 | D:6      | Found a glowing golden altar of the Shining One.
  5330 | D:6      | Noticed Blork the orc
  5344 | D:6      | Killed Blork the orc
  5345 | D:6      | Reached skill level 4 in Short Blades
  5345 | D:6      | Reached skill level 4 in Long Blades
  5345 | D:6      | Reached skill level 4 in Axes
  5345 | D:6      | Reached skill level 4 in Maces & Flails
  5345 | D:6      | Reached skill level 4 in Polearms
  5345 | D:6      | Reached skill level 4 in Staves
  5345 | D:6      | Reached skill level 4 in Slings
  5345 | D:6      | Reached skill level 4 in Bows
  5345 | D:6      | Reached skill level 4 in Crossbows
  5345 | D:6      | Reached skill level 4 in Throwing
  5345 | D:6      | Reached skill level 4 in Armour
  5345 | D:6      | Reached skill level 4 in Dodging
  5345 | D:6      | Reached skill level 4 in Unarmed Combat
  5345 | D:6      | Reached skill level 4 in Spellcasting
  5345 | D:6      | Reached skill level 4 in Evocations
  5997 | D:7      | Found a stormy altar of Qazlal.
  6017 | D:7      | Reached skill level 9 in Stealth
  6035 | D:7      | HP: 19/106 [wight/+0 morningstar (9)]
  6428 | D:7      | Reached * piety under Cheibriados
  6429 | D:7      | Reached skill level 8 in Fighting
  6429 | D:7      | Reached skill level 8 in Shields
  6449 | D:7      | HP: 17/74 [gnoll sergeant/+0 spear (12)]
  6461 | D:7      | Reached skill level 5 in Invocations
  6835 | D:7      | Learned a level 4 spell: Animate Armour
  7122 | D:7      | Found a bloodstained altar of Trog.
  7228 | D:7      | Found a runed translucent gate.
  7229 | D:7      | Found a runed translucent gate.
  7230 | D:7      | Found a runed translucent gate.
  7232 | D:7      | Noticed turdburglar's ghost (novice MiBe)
  7233 | D:7      | Noticed a kobold demonologist
  7434 | D:7      | HP: 16/74 [killer bee (4)]
  7437 | D:7      | HP: 6/74 [killer bee (7)]
  7437 | D:7      | Slain by a killer bee

Vanquished Creatures
  A hornet (D:6)
  A wyvern (D:7)
  3 water moccasins
  A nameless horror (D:7)
  An ice beast (D:5)
  2 ogres
  2 black bears (D:6)
  2 centaurs (D:5)
  A phantom (D:6)
  2 kobold brigands
  Blork the orc (D:6)
  A bullfrog (D:7)
  A gnoll sergeant (D:7)
  3 necrophages
  4 scorpions
  4 wights (D:7)
  A killer bee (D:7)
  3 howler monkeys (D:7)
  An orc priest (D:3)
  4 hounds
  3 iguanas
  3 jellies
  2 orc wizards
  8 gnolls (D:7)
  6 adders
  2 white imps (D:6)
  3 ufetubi
  3 worms
  A dart slug (D:4)
  12 orcs
  3 bats (D:3)
  6 endoplasms
  A giant cockroach (D:1)
  8 hobgoblins
  3 jackals (D:4)
  3 quokkas
  7 ball pythons
  5 frilled lizards
  7 goblins
  7 kobolds
  8 rats
140 creatures vanquished.

Table legend:
 A = Non-vault XP
 B = Vault XP
 C = Vault XP percentage of total XP
 D = Non-vault monster count
 E = Vault monster count
 F = Vault count percentage of total count
                 A         B        C        D         E       F
            +---------+---------+-------+---------+---------+-------
      Total |    3795 |     543 |  12.5 |     127 |      12 |   8.6
            +---------+---------+-------+---------+---------+-------
        D:1 |      22 |       0 |   0.0 |      15 |       0 |   0.0
        D:2 |      26 |       0 |   0.0 |      14 |       0 |   0.0
        D:3 |     222 |       0 |   0.0 |      21 |       0 |   0.0
        D:4 |     254 |       0 |   0.0 |      20 |       0 |   0.0
        D:5 |     550 |     437 |  44.3 |       8 |       6 |  42.9
        D:6 |    1319 |      94 |   6.7 |      20 |       1 |   4.8
        D:7 |    1301 |      12 |   0.9 |      27 |       5 |  15.6
        D:8 |     101 |       0 |   0.0 |       2 |       0 |   0.0
            +---------+---------+-------+---------+---------+-------

Illustrated notes

Table legend:
 A = Kills in this place as a percentage of kills in entire the game.
 B = Kills by you in this place as a percentage of kills by you in the entire game.
 C = Kills by friends in this place as a percentage of kills by friends in the entire game.
 D = Other kills in this place as a percentage of other kills in the entire game.
 E = Experience gained in this place as a percentage of experience gained in the entire game.
 F = Experience gained in this place divided by the number of levels of this place that you have seen.
                   A       B       C       D       E      F
               +-------+-------+-------+-------+-------+----------------------
         Total | 100.0 | 100.0 |   N/A |   N/A | 100.0 | 482.0
       Dungeon | 100.0 | 100.0 |   N/A |   N/A | 100.0 | 542.2
               +-------+-------+-------+-------+-------+----------------------

Table legend: (Time is in decaauts)
 A = Elapsed time spent in this place.
 B = Non-inter-level travel time spent in this place.
 C = Inter-level travel time spent in this place.
 D = Time resting spent in this place.
 E = Time spent auto-exploring this place.
 F = Levels seen in this place.
 G = Mean time per level.
                   A        B        C        D        E       F      G
               +--------+--------+--------+--------+--------+-----+--------+
         Total |   7689 |   7452 |    237 |   1463 |   4657 |   9 |  854.3 |
       Dungeon |   7489 |   7274 |    215 |   1463 |   4493 |   8 |  936.1 |
        Temple |    199 |    178 |     21 |      0 |    164 |   1 |  199.0 |
               +--------+--------+--------+--------+--------+-----+--------+

Top non-repeatable levels by time:
     D:7: 1841 daAuts
     D:5: 1449 daAuts
     D:6: 1211 daAuts
     D:3: 965 daAuts
     D:4: 955 daAuts
     D:2: 508 daAuts
     D:1: 499 daAuts
  Temple: 199 daAuts
     D:8: 58 daAuts
